[Event "Titled Tuesday Blitz May 31 Late 2022"]
[White "Martin Carmona, Gaston Manuel"]
[Black "Balabayeva, Xeniya"]
[WhiteFideId "22284567"]
[BlackFideId "13719688"]
[WhiteElo "2162"]
[BlackElo "1941"]
[Result "1-0"]
[Round "09"]
[TimeControl "180+1"]
[Date "2022.06.01"]
[WhiteClock "0:00:14"]
[BlackClock "0:00:02"]

1. d4 d5 2. c4 e6 3. Nf3 Nf6 4. g3 c6 5. Bg2 Bb4+ 6. Bd2 Bd6 7. Nc3 b6 8. O-O Bb7 9. Bg5 dxc4 10. e4 Be7 11. a4 a5 12. b3 cxb3 13. Qxb3 O-O 14. h4 Nbd7 15. Rab1 h6 16. Bf4 Rc8 17. Rfd1 Qe8 18. Ne5 Nxe5 19. Bxe5 Nd7 20. Bf4 Kh7 21. Qc2 Kh8 22. h5 Bb4 23. Na2 c5 24. d5 exd5 25. exd5 Nf6 26. Re1 Qd7 27. d6 Bxg2 28. Kxg2 Rfe8 29. Rxe8+ Rxe8 30. Qd1 Re6 31. Rb3 Ne8 32. Rd3 c4 33. Rd4 Nxd6 34. Bxd6 Rxd6 35. Rxd6 Qxd6 36. Qf3 Qf8 37. Qc6 c3 38. Nxc3 Bxc3 39. Qxc3 Qd8 40. Qc6 Kg8 41. g4 Qg5 42. f3 Qc5 43. Qe8+ Qf8 44. Qe5 Qc8 45. Qb5 Qc2+ 46. Kh3 Qc5 47. Qe8+ Qf8 48. Qb5 Qd8 49. Kg3 Kf8 50. Kf4 Qc7+ 51. Ke4 Ke7 52. Kd3 Qd6+ 53. Kc4 Qf4+ 54. Kc3 Qxf3+ 55. Kb2 Qf2+ 56. Kb3 Qc5 57. Qe2+ Kd6 58. Qe8 Qd5+ 59. Ka3 Qc5+ 60. Ka2 Qc4+ 61. Ka3 Qc5+ 62. Kb2 Qb4+ 63. Kc2 Qc4+ 64. Kd2 Qf4+ 65. Kc3 Qf6+ 66. Kb3 Qe7 67. Qb8+ Kc6 68. Qa8+ Kc5 69. Qc8+ Kd4 70. Qc3+ Kd5 71. Qc4+ Kd6 72. Qd4+ Kc7 73. Qxg7 Qe6+ 74. Kb2 Kc6 75. Qc3+ Kb7 76. Qf3+ Ka7 77. Qf4 Qe2+ 78. Kc3 Qe6 79. Kd4 Kb7 80. g5 Qd7+ 81. Ke5 Qe6+ 82. Kd4 Qd7+ 83. Ke3 Qh3+ 84. Ke4 Qxh5 85. gxh6 Qg6+ 86. Ke3 Ka6 87. Qc4+ Ka7 88. Qc7+ Ka8 89. Qc8+ Ka7 90. Qc7+ Ka6 91. Qf4 Qe6+ 92. Kf3 f5 93. Qh4 1-0


[Site "https://www.chess.com"]

[Event "Titled Tuesday Blitz May 31 Late 2022"]
[White "Mikhalsky, Vladimir"]
[Black "Hess, Robert"]
[WhiteFideId "14144352"]
[BlackFideId "2022036"]
[WhiteElo "2301"]
[BlackElo "2557"]
[Result "1/2-1/2"]
[Round "09"]
[TimeControl "180+1"]
[Date "2022.05.31"]
[WhiteClock "0:00:09"]
[BlackClock "0:00:06"]

1. d4 g6 2. e4 Bg7 3. Nc3 a6 4. f4 b5 5. Nf3 Bb7 6. Bd3 d6 7. O-O Nd7 8. e5 e6 9. Be4 d5 10. Bd3 c5 11. Be3 c4 12. Be2 Nh6 13. Bf2 Ng4 14. Ng5 Nxf2 15. Rxf2 h6 16. Nh3 Bc6 17. Nb1 a5 18. Nd2 Qb6 19. c3 b4 20. Nf3 a4 21. a3 bxc3 22. bxc3 Bf8 23. Bf1 Qb3 24. Qc1 Rb8 25. Rc2 Be7 26. Nd2 Qb6 27. Kh1 Kd8 28. Nf2 Kc7 29. Nd1 Rb7 30. Rb2 Qa7 31. Ne3 Rxb2 32. Qxb2 Rb8 33. Qc1 Qa5 34. Be2 Rb3 35. Nxb3 axb3 36. Nd1 Nb6 37. Nb2 Bxa3 38. Qd2 Qa8 39. Nd1 Qf8 40. Ne3 Na4 41. Bd1 Be7 42. Be2 Qb8 43. Nd1 b2 44. Rb1 Ba3 45. Ne3 Qb3 46. Nd1 h5 47. Kg1 Kd7 48. h3 Ke7 49. Kf2 Bd7 50. g4 hxg4 51. hxg4 Kd8 52. f5 exf5 53. g5 f4 54. Qxf4 Bf5 55. e6 fxe6 56. Nxb2 Bxb2 57. Rxb2 Nxb2 58. Qd6+ Kc8 59. Qc6+ Kb8 60. Qd6+ Ka7 61. Qe7+ Ka6 62. Qd6+ Ka5 63. Qc5+ Qb5 64. Qa7+ Qa6 65. Qc5+ Qb5 66. Qa7+ Qa6 67. Qc5+ Qb5 1/2-1/2


[Site "https://www.chess.com"]

[Event "Titled Tuesday Blitz May 31 Late 2022"]
[White "Miszler, Levente"]
[Black "Stanisz, Patryk"]
[WhiteFideId "763276"]
[BlackFideId "1123106"]
[WhiteElo "1966"]
[BlackElo "1833"]
[Result "1-0"]
[Round "09"]
[TimeControl "180+1"]
[Date "2022.06.01"]
[WhiteClock "0:00:51"]
[BlackClock "0:00:04"]

1. Nf3 d5 2. e3 Nf6 3. c4 c6 4. Nc3 e6 5. b3 Nbd7 6. Bb2 Be7 7. Be2 O-O 8. O-O b6 9. d3 Bb7 10. Qc2 Re8 11. e4 Nf8 12. d4 dxe4 13. Nxe4 c5 14. Nxf6+ Bxf6 15. Rad1 cxd4 16. Nxd4 Qe7 17. Bf3 Bxf3 18. Nxf3 Red8 19. Bxf6 Qxf6 20. Qe4 Ng6 21. Qb7 Qe7 22. Qxe7 Nxe7 23. Nd4 h6 24. f3 Kf8 25. Kf2 Ke8 26. Ke3 Rd7 27. Rd3 Rad8 28. Rfd1 Rxd4 29. Rxd4 Nf5+ 30. Ke4 Nxd4 31. Rxd4 Rxd4+ 32. Kxd4 Kd7 33. c5 Kc6 34. cxb6 axb6 35. a4 f6 36. b4 Kd6 37. f4 g6 38. g4 Kc6 39. h4 Kd6 40. Ke3 Kd5 41. Kd3 Kc6 42. Kc4 b5+ 43. axb5+ Kb6 44. h5 gxh5 45. gxh5 f5 46. Kd4 Kxb5 47. Ke5 Kxb4 48. Kxe6 Kc5 49. Kxf5 Kd6 50. Kg6 Ke7 51. f5 Kf8 52. Kxh6 Kf7 53. Kg5 Kg7 54. f6+ Kh7 55. Kf5 Kg8 56. Kg6 Kh8 57. Kf7 Kh7 58. Ke8 Kh8 59. f7 Kh7 60. h6 Kg6 61. f8=Q Kh7 62. Qg7# 1-0


[Site "https://www.chess.com"]

[Event "Titled Tuesday Blitz May 31 Late 2022"]
[White "Moroni, Luca Jr"]
[Black "Janaszak, Dawid"]
[WhiteFideId "865834"]
[BlackFideId "1119206"]
[WhiteElo "2573"]
[BlackElo "2199"]
[Result "1-0"]
[Round "09"]
[TimeControl "180+1"]
[Date "2022.05.31"]
[WhiteClock "0:00:13"]
[BlackClock "0:00:05"]

1. d4 Nf6 2. Bf4 d6 3. e3 g6 4. Nf3 c5 5. c3 Qb6 6. Qb3 Be6 7. Qxb6 axb6 8. a3 Bd7 9. Nbd2 Bc6 10. h3 Nbd7 11. Bd3 Bg7 12. e4 cxd4 13. cxd4 e5 14. dxe5 Nh5 15. Be3 Nxe5 16. Nxe5 Bxe5 17. Nc4 Nf4 18. Bxf4 Bxf4 19. Nxb6 Rd8 20. O-O O-O 21. Rfd1 Rfe8 22. b4 Bxe4 23. Bxe4 Rxe4 24. Nd5 Be5 25. Rac1 Re2 26. Rc7 Ra8 27. f4 Bg7 28. Rd3 b5 29. Rb7 Rae8 30. Rxb5 Ra2 31. Ra5 Ree2 32. Ra8+ Bf8 33. Rg3 Kg7 34. f5 h5 35. f6+ Kh6 36. Rxf8 Kh7 37. Rxf7+ Kh6 38. Rg7 h4 39. R3xg6+ 1-0


[Site "https://www.chess.com"]

[Event "Titled Tuesday Blitz May 31 Late 2022"]
[White "Norowitz, Yaacov"]
[Black "Ibarra Jerez, Jose Carlos"]
[WhiteFideId "2024799"]
[BlackFideId "2226332"]
[WhiteElo "2412"]
[BlackElo "2626"]
[Result "0-1"]
[Round "09"]
[TimeControl "180+1"]
[Date "2022.05.31"]
[WhiteClock "0:00:02"]
[BlackClock "0:00:05"]

1. d4 Nf6 2. e3 g6 3. Nf3 Bg7 4. Be2 c5 5. O-O cxd4 6. exd4 d5 7. c3 O-O 8. Bg5 Ne4 9. Bh4 Nc6 10. Nbd2 Bf5 11. Nxe4 Bxe4 12. Nd2 Bf5 13. Qb3 Qd7 14. Rfe1 Rac8 15. Nf1 Bh6 16. Bf3 Rfd8 17. Ne3 Be6 18. h3 b5 19. a3 Na5 20. Qb4 Nc6 21. Qb3 a5 22. Be2 Rb8 23. Qd1 Bxe3 24. fxe3 Bf5 25. Bf3 Qe6 26. Qe2 Be4 27. Rf1 f6 28. Bg3 Rb7 29. Rac1 Kg7 30. Kh2 h5 31. Bxe4 Qxe4 32. Rf4 Qe6 33. Re1 g5 34. Rf3 h4 35. Bf2 Qe4 36. Kh1 Rc8 37. Bg1 Nd8 38. Rf2 b4 39. cxb4 axb4 40. a4 b3 41. Qa6 Rc2 42. a5 Rbc7 43. Qb6 Rxf2 44. Bxf2 Rc2 45. Kg1 Nf7 46. a6 Rxb2 47. a7 Ra2 48. Qb7 Qc2 49. Rf1 b2 50. a8=Q Rxa8 51. Qxa8 b1=Q 52. Rxb1 Qxb1+ 53. Kh2 Qe4 54. Qb7 Nd6 55. Qd7 Nf5 56. Qc6 Kf7 57. Qc3 g4 58. hxg4 Qxg4 59. Qd3 e6 60. Qa6 Ne7 61. Qa8 Qg5 62. Qh8 Nf5 63. Qh7+ Qg7 64. Qh5+ Qg6 65. Qh8 Qg5 66. Qh7+ Ke8 67. Qh8+ Kd7 68. Qh7+ Ne7 69. Qxh4 Qf5 70. Qf4 Qxf4+ 71. exf4 f5 72. Kg3 Ng8 73. Kf3 Nf6 74. Bh4 Ng4 75. Be1 Kc6 76. Ke2 Kb5 77. Kd3 Ka4 78. Kc3 Nf6 79. Kd3 Ne4 80. Ke3 Kb3 81. Kd3 Nd6 82. Bd2 Nc4 83. Bc1 Ka2 84. Bd2 Kb3 85. Be1 Nb2+ 86. Kd2 Kc4 87. Bf2 Nd3 88. Be3 Nb4 89. Ke2 Nc6 90. Kf2 Nxd4 91. Kg3 Kd3 92. Bg1 Ne2+ 93. Kf2 Nxg1 94. Kxg1 Ke2 0-1


[Site "https://www.chess.com"]

[Event "Titled Tuesday Blitz May 31 Late 2022"]
[White "Ozsakallioglu, Okan"]
[Black "Daeschler, Florian"]
[WhiteFideId "6367011"]
[BlackFideId "20678193"]
[WhiteElo "2003"]
[BlackElo "2195"]
[Result "1-0"]
[Round "09"]
[TimeControl "180+1"]
[Date "2022.06.01"]
[WhiteClock "0:01:16"]
[BlackClock "0:00:02"]

1. c4 Nf6 2. Nf3 c5 3. Nc3 g6 4. e3 Bg7 5. d4 cxd4 6. exd4 O-O 7. d5 e5 8. dxe6 fxe6 9. Be2 d5 10. O-O Nc6 11. Bg5 d4 12. Ne4 e5 13. c5 Qd5 14. Nd6 Qxc5 15. Bc4+ Nd5 16. Nxc8 Qxc4 17. Rc1 Qb4 18. a3 Qxb2 19. Nd6 h6 20. Bd2 Qxa3 21. Nxb7 Rac8 22. Qe2 Qb2 23. Nd6 Rc7 24. Qe4 Nf6 25. Qxg6 e4 26. Nf5 exf3 27. Rxc6 Rcf7 28. Rxf6 Qxd2 29. h4 fxg2 30. Kxg2 h5 31. Rg1 Kh8 32. Qxh5+ Kg8 33. Nh6+ Bxh6 34. Kh1+ 1-0


[Site "https://www.chess.com"]

[Event "Titled Tuesday Blitz May 31 Late 2022"]
[White "Papasimakopoulos, Alexandros"]
[Black "Chen, Justin"]
[WhiteFideId "4244125"]
[BlackFideId "2098199"]
[WhiteElo "2340"]
[BlackElo "2466"]
[Result "1-0"]
[Round "09"]
[TimeControl "180+1"]
[Date "2022.05.31"]
[WhiteClock "0:01:50"]
[BlackClock "0:00:14"]

1. d4 d5 2. c4 e5 3. dxe5 d4 4. a3 a5 5. e3 Nc6 6. Nf3 Bc5 7. exd4 Bxd4 8. Nxd4 Qxd4 9. Nc3 Qxd1+ 10. Nxd1 Bf5 11. Bf4 Nge7 12. Ne3 Be4 13. f3 Bg6 14. O-O-O a4 15. h4 Na5 16. Bd3 Rd8 17. Bc2 O-O 18. h5 Bxc2 19. Kxc2 Nec6 20. Kc3 Rde8 21. Rd5 b6 22. Rhd1 f6 23. Ng4 fxe5 24. Bxe5 Rf7 25. h6 Nxe5 26. Rxe5 Ref8 27. hxg7 Kxg7 28. Rg5+ Kh8 29. Rh1 Rf4 30. Ne5 1-0


[Site "https://www.chess.com"]

[Event "Titled Tuesday Blitz May 31 Late 2022"]
[White "Paravyan, David"]
[Black "Trost, Edvin"]
[WhiteFideId "4194985"]
[BlackFideId "1729519"]
[WhiteElo "2569"]
[BlackElo "2165"]
[Result "1-0"]
[Round "09"]
[TimeControl "180+1"]
[Date "2022.05.31"]
[WhiteClock "0:00:07"]
[BlackClock "0:01:11"]

1. e4 c5 2. Nf3 d6 3. d4 cxd4 4. Nxd4 Nf6 5. Nc3 g6 6. Be3 Bg7 7. f3 a6 8. g4 b5 9. Qd2 b4 10. Nd5 Nxd5 11. exd5 Bb7 12. O-O-O Bxd5 13. Nf5 gxf5 14. Qxd5 Nd7 15. gxf5 Rc8 16. Bxa6 Ra8 17. Bb5 O-O 18. Rhg1 Kh8 19. Rxg7 Kxg7 20. Bxd7 Qxd7 21. f6+ Kh8 22. Rg1 Rg8 23. Qxf7 Qh3 24. fxe7 Rxg1+ 25. Bxg1 Qf1+ 26. Kd2 Qg2+ 27. Kd3 Qf1+ 28. Ke4 Qe2+ 29. Be3 Qxc2+ 30. Kd5 Qd3+ 31. Bd4+ 1-0


[Site "https://www.chess.com"]

[Event "Titled Tuesday Blitz May 31 Late 2022"]
[White "Perez Torres, Nabi Isaias"]
[Black "Suich, Peter D"]
[WhiteFideId "5120373"]
[BlackFideId "2050366"]
[WhiteElo "1755"]
[BlackElo "2434"]
[Result "0-1"]
[Round "09"]
[TimeControl "180+1"]
[Date "2022.06.01"]
[WhiteClock "0:00:13"]
[BlackClock "0:00:11"]

1. d4 d5 2. c4 c6 3. Nc3 Nf6 4. e3 Bf5 5. cxd5 cxd5 6. Qb3 Nc6 7. Qxb7 Bd7 8. Qb3 Rb8 9. Qd1 e5 10. dxe5 Nxe5 11. Nf3 Bd6 12. Be2 O-O 13. O-O Qc7 14. h3 Rfd8 15. Nd4 Nc4 16. Bf3 Nxb2 17. Bxb2 Rxb2 18. Rc1 Qa5 19. Nb3 Qb6 20. Qd3 Be5 21. Nxd5 Nxd5 22. Qxd5 Bf6 23. Rfd1 Bxh3 24. Qh5 Be6 25. Na5 g6 26. Qh6 Qxa5 27. Qf4 Bg7 28. Rxd8+ Qxd8 29. Qa4 Rd2 30. Rf1 Bd7 31. Qxa7 Bb5 32. Rb1 Bc4 33. a4 Be5 34. Qc5 Qc7 35. Qxc7 Bxc7 36. Rc1 Ra2 37. Rxc4 Ra1+ 0-1


[Site "https://www.chess.com"]

[Event "Titled Tuesday Blitz May 31 Late 2022"]
[White "Pinheiro, Iung Alicio de O."]
[Black "Goncalves, Ivan Mesquita V"]
[WhiteFideId "2104350"]
[BlackFideId "2114224"]
[WhiteElo "2283"]
[BlackElo "2299"]
[Result "0-1"]
[Round "09"]
[TimeControl "180+1"]
[Date "2022.05.31"]
[WhiteClock "0:00:12"]
[BlackClock "0:00:11"]

1. c4 e5 2. g3 Nf6 3. Bg2 Nc6 4. Nc3 Bc5 5. a3 a5 6. e3 O-O 7. Nge2 d6 8. O-O Bg4 9. h3 Bh5 10. f4 exf4 11. g4 Bg6 12. Nxf4 Re8 13. b3 Nd7 14. Bb2 Ba7 15. Qf3 Nde5 16. Qg3 Nd3 17. Nxd3 Bxd3 18. Rf2 Rb8 19. Nd5 Ne5 20. g5 Bg6 21. h4 Nd3 22. Bf6 gxf6 23. Nxf6+ Kg7 24. h5 Nxf2 25. Qxf2 Re5 26. hxg6 hxg6 27. Ne4 Qe7 28. Rf1 Rh8 29. d4 Rf5 30. Qg3 Rxf1+ 31. Kxf1 Qe6 32. Qf4 Qf5 33. Qxf5 gxf5 34. Ng3 Kg6 35. Kf2 Kxg5 36. Bxb7 Rb8 37. Bd5 Rxb3 38. Ne2 Rxa3 39. Kf3 Ra1 40. Nc3 a4 41. Nb5 Bb6 42. Bxf7 a3 43. c5 dxc5 44. d5 Ba5 45. d6 cxd6 46. Nxd6 a2 47. Bxa2 Rxa2 48. Nc4 Bb4 49. Ne5 Kf6 50. Nd3 Ra3 51. Nf4 Bd2 52. Nd5+ Ke5 53. Nb6 Rxe3+ 54. Kf2 Rc3 55. Ke2 Bg5 56. Na4 Kd4 57. Nxc3 Kxc3 58. Kd1 Kb2 59. Ke2 c4 60. Kf3 Kc3 61. Ke2 Kd4 62. Kd1 c3 63. Kc2 Kc4 64. Kb1 Kb3 65. Ka1 Bf6 66. Kb1 c2+ 67. Kc1 Bg5# 0-1


[Site "https://www.chess.com"]

[Event "Titled Tuesday Blitz May 31 Late 2022"]
[White "Premnath, R."]
[Black "Kozin, Yuri"]
[WhiteFideId "5021928"]
[BlackFideId "4129920"]
[WhiteElo "2568"]
[BlackElo "2570"]
[Result "1-0"]
[Round "09"]
[TimeControl "180+1"]
[Date "2022.06.01"]
[WhiteClock "0:00:05"]
[BlackClock "0:00:02"]

1. d4 d5 2. c4 c6 3. Nc3 Nf6 4. Nf3 dxc4 5. a4 Bf5 6. e3 e6 7. Bxc4 Bb4 8. O-O Nbd7 9. Qe2 Bg6 10. Rd1 O-O 11. Bd3 Bh5 12. e4 Be7 13. e5 Nd5 14. Nxd5 cxd5 15. Bd2 Rc8 16. Rdc1 Nb8 17. b4 Nc6 18. Qe3 Nxb4 19. Rxc8 Qxc8 20. Rc1 Qd8 21. Be2 Bg6 22. Qb3 a5 23. h4 Qb6 24. Rc3 Bh5 25. Be3 Bxf3 26. Bxf3 Bxh4 27. Rc5 Be7 28. Rb5 Qc7 29. g3 f6 30. exf6 Rxf6 31. Bg4 Bd6 32. Kg2 Qf7 33. Qc3 h5 34. Bh3 Nc6 35. Qb2 Bb4 36. Qe2 Qg6 37. Kh2 Rf7 38. Bf4 Nd8 39. Rb6 Rf6 40. Bc7 Qe8 41. Bxd8 Qxd8 42. Bxe6+ Kf8 43. Qb5 Qe7 44. Qd7 Rxf2+ 45. Kh3 Qxd7 46. Bxd7 Rf6 47. Rxb7 Rf3 48. Kh4 Rd3 49. Kxh5 Rxd4 50. g4 Be7 51. Bf5 Bf6 52. Kg6 1-0


[Site "https://www.chess.com"]

[Event "Titled Tuesday Blitz May 31 Late 2022"]
[White "Preotu, Razvan"]
[Black "Tristan, Leonardo"]
[WhiteFideId "2613280"]
[BlackFideId "113816"]
[WhiteElo "2407"]
[BlackElo "2404"]
[Result "1-0"]
[Round "09"]
[TimeControl "180+1"]
[Date "2022.05.31"]
[WhiteClock "0:00:19"]
[BlackClock "0:00:29"]

1. e4 d5 2. exd5 Qxd5 3. Nc3 Qa5 4. d4 Nf6 5. Nf3 Bf5 6. Ne5 c6 7. Bc4 e6 8. g4 Bg6 9. h4 Nbd7 10. Nxd7 Nxd7 11. h5 Be4 12. O-O Bd5 13. Nxd5 cxd5 14. Bd3 Bd6 15. Bd2 Qd8 16. Kg2 Qe7 17. f4 O-O-O 18. a4 Kb8 19. a5 a6 20. Qf3 g6 21. h6 Ka8 22. b3 Rhe8 23. c4 Bb4 24. Be3 dxc4 25. bxc4 Bc3 26. Rab1 Nc5 27. dxc5 Rxd3 28. c6 e5 29. cxb7+ Kb8 30. Ba7+ Kxa7 31. Qxd3 Bd4 32. fxe5 Rd8 33. b8=Q+ Rxb8 34. Qxd4+ Ka8 35. Qd5+ Ka7 36. Rxf7 Qxf7 37. Qxf7+ Rb7 38. Qxb7# 1-0


[Site "https://www.chess.com"]

[Event "Titled Tuesday Blitz May 31 Late 2022"]
[White "Proudian, Armen"]
[Black "Leiva, Gianmarco"]
[WhiteFideId "2130734"]
[BlackFideId "3804399"]
[WhiteElo "2380"]
[BlackElo "2323"]
[Result "1-0"]
[Round "09"]
[TimeControl "180+1"]
[Date "2022.05.31"]
[WhiteClock "0:00:21"]
[BlackClock "0:00:01"]

1. e4 c5 2. Nf3 d6 3. d4 cxd4 4. Nxd4 Nf6 5. Nc3 a6 6. Be3 e5 7. Nb3 Be6 8. Qd2 Be7 9. O-O-O Nbd7 10. f4 exf4 11. Bxf4 Ne5 12. Nd4 O-O 13. Nf5 Ne8 14. Nd5 Bxd5 15. Qxd5 Bg5 16. Qd2 Bxf4 17. Qxf4 Qf6 18. g4 g6 19. g5 Qe6 20. Nh6+ Kh8 21. Kb1 Qe7 22. h4 Ng7 23. Be2 f6 24. Qe3 Rad8 25. h5 fxg5 26. hxg6 Nxg6 27. Bg4 Nh4 28. Rdg1 Qe5 29. Be2 Rf4 30. Qb6 Rdf8 31. Qxb7 Rxe4 32. Bd3 Ref4 33. Qxa6 Qe6 34. Qa5 Qxh6 35. Rxg5 Ng2 36. Rc1 Ne3 37. a3 Qf6 38. Rh1 h6 39. Rg6 Rh4 40. Rxf6 Rxh1+ 41. Ka2 Rxf6 42. Qa8+ Ne8 43. Qxh1 Re6 44. Qh3 Re5 45. Qd7 Nf6 46. Qxd6 Nfg4 47. Qf8# 1-0


[Site "https://www.chess.com"]

[Event "Titled Tuesday Blitz May 31 Late 2022"]
[White "Prydun, Andriy"]
[Black "Martic, Ivan"]
[WhiteFideId "14145898"]
[BlackFideId "929301"]
[WhiteElo "2063"]
[BlackElo "2317"]
[Result "1-0"]
[Round "09"]
[TimeControl "180+1"]
[Date "2022.06.01"]
[WhiteClock "0:00:03"]
[BlackClock "0:00:04"]

1. e4 c6 2. d4 d5 3. e5 Bf5 4. Nf3 e6 5. a3 Nd7 6. Be2 Ne7 7. O-O h6 8. Be3 Nc8 9. c4 dxc4 10. Bxc4 Ncb6 11. Bd3 Bxd3 12. Qxd3 Be7 13. Nc3 O-O 14. Rad1 Nd5 15. Ne4 a5 16. Nfd2 c5 17. Nc4 b5 18. Ncd6 c4 19. Qe2 Qb6 20. Qg4 Nxe3 21. fxe3 Bxd6 22. Nxd6 f5 23. exf6 Nxf6 24. Qxe6+ Kh7 25. d5 Rad8 26. Nf5 Nxd5 27. Qe5 Nf6 28. Qe7 Rg8 29. Rd6 Rxd6 30. Nxd6 Qc5 31. Rxf6 b4 32. axb4 axb4 33. Rf7 c3 34. bxc3 bxc3 35. Nf5 Qxe7 36. Rxe7 Rc8 37. Nd4 c2 38. Nxc2 Rxc2 39. Re6 g5 40. h3 Kg7 41. Kh2 Kf7 42. Rxh6 Re2 43. Kg3 Rxe3+ 44. Kg4 Re2 45. g3 Re3 46. Ra6 Kg7 47. Ra5 Kh6 48. Ra6+ Kg7 49. Rb6 Rd3 50. Rc6 Rb3 51. Rc7+ Kg6 52. Rc6+ Kg7 53. Rc4 Kg6 54. Rd4 Rc3 55. Rd6+ Kg7 56. Rd5 Kf6 57. Rf5+ Ke6 58. Rxg5 Kf6 59. Rf5+ Kg6 60. Rf4 Rb3 61. h4 Kh6 62. Rf6+ Kg7 63. Ra6 Rb4+ 64. Kh3 Rb3 65. h5 Kh7 66. Kh4 Rb4+ 67. g4 Rc4 68. Ra5 Kh6 69. Ra6+ Kh7 70. Rf6 Rc1 71. Kg5 Kg7 72. Rf5 Kh7 73. Rf6 Rc5+ 74. Rf5 Rc1 75. Ra5 Kg7 76. Ra7+ Kg8 77. Kh6 Rc6+ 78. Kg5 Rc5+ 79. Kf4 Rc4+ 80. Kg3 Rc3+ 81. Kh4 Rc4 82. h6 Kh8 83. Kh5 Rc1 84. g5 Rc5 85. Rd7 Rc6 86. Rf7 Rb6 87. Rf6 Rb5 88. Kg6 Rb8 89. h7 Ra8 90. Kh6 Rb8 91. g6 Rb6 92. g7# 1-0


[Site "https://www.chess.com"]

[Event "Titled Tuesday Blitz May 31 Late 2022"]
[White "Riehle, Marco"]
[Black "Nazaretyan, Tigran"]
[WhiteFideId "12904392"]
[BlackFideId "24162345"]
[WhiteElo "2462"]
[BlackElo "2225"]
[Result "1-0"]
[Round "09"]
[TimeControl "180+1"]
[Date "2022.05.31"]
[WhiteClock "0:00:40"]
[BlackClock "0:00:02"]

1. e4 c5 2. a3 g6 3. h4 h5 4. Nc3 Bg7 5. Bc4 e6 6. d3 Nc6 7. Bg5 Nge7 8. Qd2 a6 9. O-O-O b5 10. Ba2 b4 11. axb4 Nxb4 12. Bb3 Qa5 13. Kb1 Rb8 14. Bxe7 Kxe7 15. Nge2 Nc6 16. f4 Qb4 17. f5 Na5 18. fxg6 fxg6 19. Rhf1 Bh6 20. Nf4 Nxb3 21. cxb3 Qxb3 22. Nxg6+ Kd6 23. e5+ Kc7 24. Qf2 Rg8 25. Qxc5+ Kb7 26. Nf4 Ka8 27. Rd2 Bb7 28. Rc2 Bc6 29. Nxe6 Qxe6 30. Rf6 Bf8 31. Qa5 Kb7 32. Rxe6 dxe6 33. Na4 Rc8 34. Qb6+ Ka8 35. Rxc6 Rxc6 36. Qxc6+ Kb8 37. Qb6+ Ka8 38. Qxa6+ Kb8 39. Qb6+ Ka8 40. Qd8+ Kb7 41. Nc5+ Kc6 42. Nxe6 Rxg2 43. Qc8+ Kd5 44. Nf4+ Kd4 45. Nxg2 Be7 46. Qd7+ Kxe5 47. Qxe7+ Kf5 48. Qe4+ Kf6 49. Nf4 Kf7 50. Qe6+ Kg7 51. Qe7+ Kh6 52. Qg5+ Kh7 53. Ne6 1-0


[Site "https://www.chess.com"]

[Event "Titled Tuesday Blitz May 31 Late 2022"]
[White "Rios Escobar, Adan"]
[Black "Richter, Nils"]
[WhiteFideId "3403645"]
[BlackFideId "12990809"]
[WhiteElo "2417"]
[BlackElo "2243"]
[Result "1-0"]
[Round "09"]
[TimeControl "180+1"]
[Date "2022.06.01"]
[WhiteClock "0:00:01"]
[BlackClock "0:00:18"]

1. d4 d5 2. Nf3 Nf6 3. g3 c5 4. Bg2 cxd4 5. O-O h6 6. b3 e6 7. Bb2 Be7 8. Nxd4 O-O 9. Nd2 Nc6 10. c4 Bd7 11. Nc2 Rc8 12. Rc1 Bd6 13. Ne1 d4 14. c5 Bb8 15. Nc4 e5 16. e3 Bg4 17. Qd2 Re8 18. h3 Bf5 19. exd4 exd4 20. Nd3 Ne4 21. Qd1 Qc7 22. Bxe4 Rxe4 23. Nd6 Re6 24. Nxf5 Rce8 25. Nf4 Rf6 26. Qg4 g6 27. Nxd4 Ne5 28. Qh4 g5 29. Qh5 gxf4 30. Nb5 Qe7 31. Nd6 Bxd6 32. cxd6 Qxd6 33. Rfd1 Qb8 34. Bxe5 Qxe5 35. Qxe5 Rxe5 36. Rd8+ Kg7 37. Rd7 fxg3 38. fxg3 Re2 39. Rf1 Ra6 40. Rfxf7+ Kg6 41. Rg7+ Kh5 42. Rd5+ 1-0


[Site "https://www.chess.com"]

[Event "Titled Tuesday Blitz May 31 Late 2022"]
[White "Romanchuk, Viktor"]
[Black "Pakleza, Zbigniew"]
[WhiteFideId "14109271"]
[BlackFideId "1119290"]
[WhiteElo "2242"]
[BlackElo "2467"]
[Result "1/2-1/2"]
[Round "09"]
[TimeControl "180+1"]
[Date "2022.05.31"]
[WhiteClock "0:00:17"]
[BlackClock "0:00:06"]

1. d4 d6 2. c4 e5 3. Nc3 exd4 4. Qxd4 Nc6 5. Qd2 Nf6 6. g3 Be6 7. Nd5 Ne5 8. b3 c6 9. Nf4 Bf5 10. Bg2 Be7 11. Bb2 O-O 12. Nd3 Qc7 13. Nf3 Nxd3+ 14. exd3 d5 15. O-O Rad8 16. Qc3 dxc4 17. dxc4 Rd3 18. Qe5 Qxe5 19. Nxe5 Rd2 20. Bc3 Rc2 21. Rfc1 Rd8 22. Rxc2 Bxc2 23. Bf3 Ne4 24. Rc1 Nxc3 25. Rxc2 Bf6 26. Ng4 Bd4 27. Kf1 a5 28. Ne3 Bxe3 29. Rxc3 Bg5 30. Rc2 Kf8 31. h4 Bf6 32. Ke2 g6 33. Rd2 Re8+ 34. Kf1 Re7 35. Bg4 h5 36. Bh3 Be5 37. Rd7 Rxd7 38. Bxd7 Ke7 39. Bc8 b6 40. Bb7 Kd6 41. Ke2 Kc7 42. Ba8 Bd4 43. f4 f6 44. Kf3 f5 45. Ke2 Bc5 46. a4 Bb4 47. Kf3 Bc5 48. Ke2 Bb4 49. Kf3 Be1 50. Kg2 Kd6 51. Kf3 Bc3 52. Kf2 Bd2 53. Ke2 Bb4 54. Kf3 Be1 55. Kg2 Kc5 56. Kf3 Kd6 57. Kg2 Kc7 58. Kf3 Kd6 1/2-1/2


[Site "https://www.chess.com"]

[Event "Titled Tuesday Blitz May 31 Late 2022"]
[White "Rosen, Eric"]
[Black "Buchenau, Frank"]
[WhiteFideId "2032562"]
[BlackFideId "4604350"]
[WhiteElo "2362"]
[BlackElo "2157"]
[Result "0-1"]
[Round "09"]
[TimeControl "180+1"]
[Date "2022.05.31"]
[WhiteClock "0:00:01"]
[BlackClock "0:00:39"]

1. d4 e6 2. e4 d5 3. e5 c5 4. c3 Qb6 5. Nf3 Bd7 6. Bd3 cxd4 7. cxd4 Nc6 8. Nc3 Nxd4 9. Nxd4 Qxd4 10. O-O a6 11. Re1 Ne7 12. Qe2 Nc6 13. Bc2 Qa7 14. Qg4 h5 15. Qf4 Be7 16. h4 Qd4 17. g3 Qxf4 18. Bxf4 Nb4 19. Bb1 Rc8 20. a3 Nc6 21. Bd3 Nd4 22. Kg2 O-O 23. Rad1 Nb5 24. Ne2 Na7 25. Bd2 Bb5 26. Bb1 Rfd8 27. Nd4 Ba4 28. b3 Bd7 29. a4 Nc6 30. Nc2 a5 31. f4 g6 32. Be3 Nb4 33. Re2 Nxc2 34. Rxc2 Rxc2+ 35. Bxc2 Rc8 36. Bd3 Rc3 37. Bb6 Bb4 38. Bb5 Bxb5 39. axb5 Rxb3 40. Bd8 a4 41. Rc1 Bc3 42. Rc2 a3 43. Kh3 d4 44. Ra2 d3 45. Be7 d2 46. Bxa3 d1=Q 47. Be7 Qh1+ 48. Rh2 Qf1+ 49. Rg2 Rb2 50. Kh2 Qxg2# 0-1


[Site "https://www.chess.com"]

[Event "Titled Tuesday Blitz May 31 Late 2022"]
[White "Rychagov, Andrey"]
[Black "Swiercz, Dariusz"]
[WhiteFideId "4119932"]
[BlackFideId "1126881"]
[WhiteElo "2500"]
[BlackElo "2627"]
[Result "0-1"]
[Round "09"]
[TimeControl "180+1"]
[Date "2022.05.31"]
[WhiteClock "0:00:08"]
[BlackClock "0:00:08"]

1. d4 Nf6 2. c4 g6 3. Nf3 Bg7 4. Nc3 O-O 5. e4 d6 6. Be2 Na6 7. O-O e5 8. Be3 Bg4 9. d5 Nc5 10. Bxc5 Bxf3 11. Be3 Bxe2 12. Qxe2 h5 13. h3 Nd7 14. b4 a5 15. a3 Kh7 16. c5 Nf6 17. f3 Bh6 18. Bf2 Qe7 19. Nb5 Ra6 20. Ra2 Rfa8 21. Rc2 Ne8 22. Rb1 axb4 23. axb4 Ra1 24. Qd1 R1a6 25. Qd3 Bf4 26. Nc3 Ra3 27. Qc4 h4 28. Ne2 Bg5 29. Rbb2 Nf6 30. Ra2 Nh5 31. cxd6 cxd6 32. Rxa3 Rxa3 33. Qc7 Ra1+ 34. Kh2 Qf6 35. Bg1 Bf4+ 36. Kh1 Be3 37. Kh2 Bxg1+ 38. Nxg1 Qf4+ 39. Kh1 Ng3+ 0-1


[Site "https://www.chess.com"]

[Event "Titled Tuesday Blitz May 31 Late 2022"]
[White "Sadhwani, Raunak"]
[Black "Sjugirov, Sanan"]
[WhiteFideId "35093487"]
[BlackFideId "4189302"]
[WhiteElo "2616"]
[BlackElo "2602"]
[Result "1-0"]
[Round "09"]
[TimeControl "180+1"]
[Date "2022.05.31"]
[WhiteClock "0:00:52"]
[BlackClock "0:00:01"]

1. e4 e5 2. Nf3 Nc6 3. Bc4 Bc5 4. c3 Nf6 5. d4 exd4 6. e5 d5 7. Bb5 Ne4 8. cxd4 Bb6 9. Nc3 O-O 10. Be3 Bg4 11. h3 Bh5 12. Qc2 Ba5 13. O-O Bxf3 14. gxf3 Ng5 15. Qf5 Ne6 16. Bxc6 bxc6 17. Ne2 Bb6 18. Rac1 Qd7 19. f4 g6 20. Qg4 f5 21. Qg3 a5 22. Rc2 Ra6 23. Rfc1 Ba7 24. h4 Rf7 25. Kh2 Rg7 26. Rd1 a4 27. Ng1 Ra5 28. Nf3 Rb5 29. Rdc1 Rb6 30. Qh3 h5 31. Qf1 Re7 32. Qe1 Re8 33. Qa5 Bb8 34. Qxa4 Kh7 35. b4 Qe7 36. Rxc6 Rxb4 37. Qd1 Rb2 38. Rxe6 Qxe6 39. Ng5+ 1-0


[Site "https://www.chess.com"]